[Event "VII Totalizator Sportowy 2022"]
[Site "Bydgoszcz"]
[Date "2022.07.01"]
[Round "7.10"]
[White "Chojnacki, Krzysztof"]
[Black "Skurniak, Szymon"]
[Result "1-0"]
[ECO "D85"]
[WhiteElo "2371"]
[BlackElo "1960"]
[Annotator "TA"]
[PlyCount "53"]
[EventDate "2022.06.25"]
[EventType "swiss"]
[EventCountry "POL"]
[SourceTitle "playchess.com"]
[Source "ChessBase"]
[SourceQuality "1"]
[TimeControl "40/5400+30:1800+30"]

1. d4 Nf6 2. c4 g6 3. Nc3 d5 4. cxd5 Nxd5 5. Bd2 Nb6 6. Nf3 Bg7 7. e3 {[%emt 0:00:41] D90: Grünfeld: 4 Nf3 Bg7 sidelines.} O-O 8. h4 h5 9. Ng5 {[%emt 0:01:57] The position is equal.} Nc6 10. f4 {[%emt 0:02:36] Prevents e5.} Bg4 11. Be2 {[%emt 0:06:40] [#]} Qd7 $146 {[%emt 0:09:20] [#]} (11... Bxe2 $1 $11 12. Qxe2 Qc8) ({Predecessor:} 11... Bxe2 12. Qxe2 Nb4 13. Rc1 a5 14. Nce4 Nxa2 15. Rc5 Na4 16. Rb5 Nb4 17. g4 c6 18. Rxb7 {1-0 (51) Petrosyan,M (2628)-Babujian,L (2455) Yerevan 2021}) 12. Bxg4 $1 $16 Qxg4 13. Qxg4 hxg4 14. h5 Bh6 (14... gxh5 $142 15. Rxh5 Rad8) 15. Nge4 Kg7 16. hxg6 f5 {[%emt 0:04:15] [#]} 17. Nc5 {[%emt 0:01:53] White is more active.} (17. d5 Nb4 18. Ke2 fxe4 $17) 17... Kxg6 18. Nxb7 Nd7 19. Na4 Rab8 20. Rc1 Rf6 (20... Rxb7 $16 {is a better defense.} 21. Rxc6+ Rf6) 21. d5 $18 Nd8 22. Nxd8 Rxd8 23. Rxc7 Nb6 (23... Bg7 $142 24. Rxa7 Rd6) 24. Nxb6 ({Weaker is} 24. Rxa7 Nxd5 25. Nc5 Bg7 $16) ({And not} 24. Rxe7 Nxa4 25. e4 Nc5 $11) 24... Rxb6 25. Rxe7 Rxd5 26. Bc3 ({Don't play} 26. Rxa7 Rxb2 27. Ra6+ Kf7 $18) 26... g3 $2 (26... a5 27. Ke2 a4) 27. Rh3 {[%emt 0:01:17] White took control after the opening.  Weighted Error Value: White=0.08 (flawless) /Black=0.34} 1-0

[Event "VII Totalizator Sportowy 2022"]
[Site "Bydgoszcz"]
[Date "2022.07.01"]
[Round "7.11"]
[White "Kowalski, Igor"]
[Black "Zebracki, Tomasz"]
[Result "0-1"]
[ECO "D45"]
[WhiteElo "2370"]
[BlackElo "2200"]
[Annotator "TA"]
[PlyCount "84"]
[EventDate "2022.06.25"]
[EventType "swiss"]
[EventCountry "POL"]
[SourceTitle "playchess.com"]
[Source "ChessBase"]
[SourceQuality "1"]
[TimeControl "40/5400+30:1800+30"]

1. d4 d5 2. c4 c6 3. Nc3 Nf6 4. e3 e6 5. Nf3 Nbd7 6. Be2 Bd6 7. O-O O-O 8. b3 b6 9. Bb2 Bb7 10. Bd3 c5 11. cxd5 exd5 12. Ne2 {[%emt 0:02:10] E14: Queen's Indian: Classical Variation (4 e3).} Re8 13. Rc1 Rc8 {[%emt 0:00:22] [#]} 14. dxc5 $146 {[%emt 0:02:20] The position is equal.} ({Predecessor:} 14. Ng3 Ne4 15. dxc5 Bxg3 16. hxg3 bxc5 17. Nd2 Ndf6 18. Nxe4 Nxe4 19. Qg4 g6 20. f3 Nd6 21. Rxc5 {1-0 (64) Mchedlishvili,M (2656)-Polgar,J (2709) Konya 2012}) 14... bxc5 15. Bf5 Rc7 16. Ng3 Ne5 17. Nxe5 Bxe5 18. Bxe5 Rxe5 19. Qd2 h5 20. f4 (20. Bd3 $11) 20... Re8 $17 21. Rfe1 h4 22. Nf1 d4 23. exd4 Rxe1 24. Rxe1 cxd4 25. Rd1 $1 Rc5 26. Bh3 (26. Ne3 $1 $11) 26... Be4 $2 (26... Ne4 $19 27. Qe3 Nc3) 27. Qb4 $11 Rd5 $36 {[%emt 0:01:33][%mdl 2048] And now ...Qc7 would win. Black has the initiative.} 28. Nd2 $2 (28. Rc1 $1 $11 {and White has nothing to worry.} Qa5 29. Rc8+ Kh7 30. Qd2) 28... a5 $2 (28... Qc7 $1 $19 {[%cal Rc7c2] White must now prevent ...Qc2.} 29. Nc4 (29. Nxe4 $2 Nxe4 30. Qe1 Qxf4 $19) 29... Qxf4) 29. Qc4 $15 Qb6 30. Qe2 ({White should try} 30. Qc8+ $1 $15 Rd8 31. Nc4 Rxc8 32. Nxb6) 30... Bg6 {[%emt 0:05:42] Threatens to win with ...Bh5. Black is more active.} 31. Qf2 Qb4 32. Rc1 {[%emt 0:26:49] Against Qc3} Rc5 33. Nc4 d3 34. Rd1 (34. Qe3 $142) 34... Rd5 {[%emt 0:02:13] aiming for ...Bh5.} 35. Qe3 Qc3 $2 (35... a4 $19 36. Ne5 Be4) 36. g4 $2 (36. Rc1 $11 {and White stays safe.} Qd4 37. g3) 36... hxg3 $19 37. hxg3 {[%emt 0:00:01] [#]} Qc2 38. Rd2 {[%emt 0:01:24] [#]} (38. Qe1 $142 Qxa2 39. Nd2) 38... Ne4 $2 (38... Qb1+ $1 $19 {is more deadly.} 39. Bf1 Rh5) 39. f5 $2 (39. Rxc2 $17 dxc2 40. f5 (40. Bf1 $2 Rd1 $19) 40... Rd1+ 41. Kh2) 39... Nxd2 40. fxg6 Qd1+ {[%emt 0:00:00] Black mates.} 41. Kf2 {[%emt 0:03:36] [#]} Rf5+ $3 42. Bxf5 (42. Kg2 Qf1+) 42... Qf1# {Weighted Error Value: White=0.97/Black=0.61} 0-1

[Event "VII Totalizator Sportowy 2022"]
[Site "Bydgoszcz"]
[Date "2022.07.01"]
[Round "7.12"]
[White "Fiedorek, Michal"]
[Black "Paprocki, Antoni"]
[Result "0-1"]
[ECO "C95"]
[WhiteElo "2315"]
[BlackElo "1851"]
[Annotator "TA"]
[PlyCount "86"]
[EventDate "2022.06.25"]
[EventType "swiss"]
[EventCountry "POL"]
[SourceTitle "playchess.com"]
[Source "ChessBase"]
[SourceQuality "1"]
[TimeControl "40/5400+30:1800+30"]

1. e4 e5 2. Nf3 Nc6 3. Bb5 a6 4. Ba4 Nf6 5. O-O Be7 6. Re1 b5 7. Bb3 d6 8. c3 O-O 9. h3 Nb8 10. d4 Nbd7 11. c4 c6 12. Qc2 {[%emt 0:00:17] C95: Closed Ruy Lopez: Breyer Variation with 10 d4.} h6 (12... a5 $5 13. cxb5 cxb5 $14) 13. Nc3 {[%emt 0:03:03] [#]} b4 $146 ({Predecessor:} 13... Re8 14. Ne2 Bf8 15. Ng3 c5 16. dxe5 Nxe5 17. Nxe5 dxe5 18. Be3 Qc7 19. Rac1 b4 {1-0 (62) Arizmendi Martinez,J (2511)-Krishna Teja,N (2383) El Prat de Llobregat 2019}) 14. Ne2 {[%emt 0:01:03][%cal Oc4c5] White has an edge.} c5 15. dxe5 Nxe5 16. Nh2 Nc6 17. Be3 Re8 18. Rad1 Qc7 19. Ng3 Bf8 20. Qd3 g6 21. Bf4 Nd4 22. Ba4 Re6 (22... Bd7 $11 23. Bxd7 Nxd7) 23. Be3 $1 $16 Nc6 24. Qd2 Kh7 25. Bc2 (25. Bxc6 $16 Qxc6 26. Ng4) 25... h5 (25... Bb7 $11) 26. Nf3 Kg8 27. Ng5 Re8 28. f4 Bb7 29. Qf2 (29. e5 $142 $1 dxe5 30. f5 gxf5 31. Nxf5) 29... Bg7 (29... Nd4 $16) 30. Bb1 $2 (30. e5 $1 $18 dxe5 31. f5) 30... Rad8 (30... Nd4 $16) 31. Nf1 ({White should try} 31. e5 $1 $18 dxe5 32. f5) 31... Nh7 $14 32. Nxh7 Kxh7 33. Ng3 Qe7 $2 {[%emt 0:06:14] Against e5} (33... Nd4 $14) 34. e5 $1 $18 dxe5 (34... Kg8 {keeps fighting.} 35. Ne4 Nd4) 35. Nxh5 $2 {[%emt 0:07:43] [#]} (35. Bxc5 Qh4 $16) (35. f5 $18 Rxd1 36. fxg6+ Kg8 37. Rxd1) 35... exf4 $1 $17 36. Bxc5 Qg5 $36 {[%emt 0:00:49][%mdl 2048] Black has good play.} 37. Nxg7 Kxg7 38. h4 {[%emt 0:01:03] [#]} Rxd1 $1 39. Rxd1 Qg4 40. Rf1 {[%emt 0:00:00][%mdl 8192] [#]} (40. Re1 $17 Rxe1+ 41. Qxe1) 40... Ne5 $1 $19 {[%emt 0:00:00] White must now prevent ...Nf3+. Black is clearly winning.} ({And not} 40... Re2 41. Qf3 Qxf3 42. Rxf3 $17) 41. Bd4 f6 {[%emt 0:08:40] ( -> ...Nf3+)} 42. Bxe5 Rxe5 ({Weaker is} 42... fxe5 43. Bc2 $17) 43. Bd3 {[%emt 0:00:41] Prevents Re2.} Re3 {[%emt 0:00:15] What a bad dream for White.  Weighted Error Value: White=0.70/Black=0.33} 0-1

[Event "VII Totalizator Sportowy 2022"]
[Site "Bydgoszcz"]
[Date "2022.07.01"]
[Round "7.13"]
[White "Navaratnam, Rohan Shan Tze"]
[Black "Rudzinska, Michalina"]
[Result "1/2-1/2"]
[ECO "E10"]
[WhiteElo "2071"]
[BlackElo "2236"]
[Annotator "TA"]
[PlyCount "121"]
[EventDate "2022.06.25"]
[EventType "swiss"]
[EventCountry "POL"]
[SourceTitle "playchess.com"]
[Source "ChessBase"]
[SourceQuality "1"]
[TimeControl "40/5400+30:1800+30"]

1. d4 Nf6 2. c4 e6 3. Nf3 c5 4. Nc3 cxd4 5. Nxd4 d5 6. cxd5 Nxd5 7. Bd2 Be7 8. e4 {[%emt 0:02:11] A32: Symmetrical English: 2 Nf3 Nf6 3 d4 cxd4 4 Nxd4 e6.} Nxc3 9. Bxc3 O-O 10. Bd3 Qb6 11. O-O Rd8 {[%emt 0:01:31] [#]} 12. Nf3 $146 ({Predecessor:} 12. Rc1 Bd7 13. Qh5 Be8 14. Rfd1 Nc6 15. Nxc6 Bxc6 16. Qg4 Bf8 17. h4 Rd7 18. h5 {0-1 (55) Ivanchuk,V (2678)-Carlsen,M (2864) Tornelo INT 2022}) 12... Nc6 13. Qe2 Nb4 14. Bc4 Nc6 15. h4 Bb4 16. h5 Bxc3 17. bxc3 Qc5 18. e5 Bd7 19. Qe4 h6 {[%emt 0:11:57] [#]} (19... Ne7 $1 $11) 20. Bd3 $1 $16 {[%emt 0:04:10] aiming for Qh7+.} Kf8 21. Rab1 (21. Rae1 $16) 21... Qd5 $1 $14 22. Rxb7 Bc8 23. Rc7 {[%emt 0:00:05] White is much more active.} Qxd3 24. Qxc6 Qd5 25. Qa4 a5 (25... Bd7 $142 26. Qa3+ (26. Qf4 Rdc8 $14) 26... Kg8) 26. Qa3+ ({Better is} 26. c4 Qd3 27. c5 (27. Qc6 Rb8 $16)) 26... Kg8 $16 27. Qe7 Rf8 28. c4 Qd3 (28... Qe4 $1 $14) 29. Qd6 Qc2 30. Rd1 $40 {[%emt 0:00:20][%mdl 128] White attacks.} (30. Qd2 $16 Qa4 31. Rc1) 30... Ba6 $14 31. Rd2 Qb1+ 32. Kh2 Qf5 33. Rd1 Qxh5+ 34. Kg1 Qf5 35. Qc6 (35. Nd4 $5 Qg5 36. Nf3 $11) 35... Qc2 36. Rd2 Qc1+ 37. Kh2 Rfd8 $2 {[%emt 0:00:44][%mdl 8192] [#]} (37... Rad8 $14) 38. Rxd8+ $2 ({White should try} 38. Ra7 $3 $18 Rab8 39. Rxd8+ Rxd8 40. Rxa6) 38... Rxd8 $11 39. Qxa6 Qf4+ 40. Kh3 Qf5+ (40... g5 $5 41. Rc8 g4+ 42. Kh4 Rxc8 43. Qxc8+ Kg7 $11) 41. Kg3 g5 42. Rc8 (42. Qxa5 {gets mated.} Qf4+ 43. Kh3 g4+ 44. Kh4 gxf3+ 45. Kh3 Rd1 46. Qa8+ Kg7) 42... Qf4+ 43. Kh3 g4+ 44. Kh4 gxf3+ 45. Kh3 Rxc8 46. Qxc8+ {[%emt 0:00:07][%mdl 4096] Endgame KQ-KQ} Kg7 47. Qc5 h5 48. gxf3 {[%emt 0:01:21] The position is equal.} Qxf3+ 49. Kh2 Qf4+ 50. Kg2 Kg6 51. Qxa5 Qxc4 52. Qa3 h4 53. Qf3 {[%emt 0:03:43] Threatens to win with Qf6+.} Qxa2 {[%emt 0:00:26] ( -> ...Qd5)} 54. Qf6+ Kh5 55. Qxf7+ Kg5 56. Qf6+ Kh5 57. Kh3 Qc4 58. Qf3+ Kg5 59. Qf6+ Kh5 60. Qh8+ Kg5 {[%emt 0:00:08] White must now prevent ...Qf1+.} 61. Qf6+ {[%emt 0:00:13] Weighted Error Value: White=0.24 (precise) /Black=0.24 (precise)} 1/2-1/2

[Event "VII Totalizator Sportowy 2022"]
[Site "Bydgoszcz"]
[Date "2022.07.01"]
[Round "7.14"]
[White "Sernecki, Franciszek"]
[Black "Jarocka, Liwia"]
[Result "1-0"]
[ECO "A19"]
[WhiteElo "2272"]
[BlackElo "2006"]
[Annotator "TA"]
[PlyCount "171"]
[EventDate "2022.06.25"]
[EventType "swiss"]
[EventCountry "POL"]
[SourceTitle "playchess.com"]
[Source "ChessBase"]
[SourceQuality "1"]
[TimeControl "40/5400+30:1800+30"]

1. c4 Nf6 2. Nc3 e6 3. e4 c5 4. e5 Ng8 5. d4 cxd4 6. Qxd4 Nc6 7. Qf4 {[%emt 0:00:21] A19: English Opening: Flohr-Mikenas System with 3...c5.} d6 8. Nf3 dxe5 9. Nxe5 {[%emt 0:00:25][%csl Ge5][%cal Rf4f7] [#] White is slightly better.} Nf6 10. Nxc6 bxc6 {[%emt 0:00:04] [#]} 11. Be2 $146 (11. Qg3 $5 ) ({Predecessor:} 11. Qf3 Bb7 12. Bf4 Bb4 13. Bd3 Qe7 14. Be5 Nd7 15. Bxg7 Rg8 16. Bd4 Qd6 17. O-O-O Qxd4 18. Bxh7 {½-½ (53) Esipenko,A (2654)-Krejci,J (2559) Prague 2020}) 11... Be7 12. O-O Bb7 13. Rd1 Qb8 14. Qxb8+ Rxb8 15. Be3 a5 16. Bf4 {[%emt 0:06:04] White is much more active. The black rooks are badly placed.} Rc8 17. Na4 c5 18. Nc3 O-O 19. Nb5 a4 20. Nd6 Bxd6 (20... Rb8 $1 $14) 21. Rxd6 $16 Bc6 22. f3 Rfe8 23. Be3 h6 24. Rad1 e5 25. Bxc5 Bxf3 26. gxf3 ({But not} 26. Bxf3 Rxc5 27. Bc6 Re7 $14) 26... Rxc5 27. b4 axb3 28. axb3 Rcc8 (28... e4 $142) 29. b4 e4 (29... Rb8 $16 {was worth a try.}) 30. c5 $18 {[%emt 0:00:57] Black must now prevent c6.} exf3 31. Bxf3 Kh7 32. Bb7 Rc7 33. c6 Re5 {[%emt 0:00:16] [#]} 34. Rd7 $1 Nxd7 35. cxd7 Rxb7 36. d8=Q {[%emt 0:00:08] Prevents Rb8.} Rg5+ 37. Kf1 Rxb4 38. Qd3+ f5 $2 (38... g6 39. Rd2 Ra4) 39. Qf3 Rh4 40. Rd2 Rgh5 41. Rd7 Rg5 42. Rd2 Rgh5 43. Qg3 Rg4 44. Qe5 Re4 45. Qc7 Rg5 46. Rf2 Reg4 47. Qb7 Rg1+ 48. Ke2 R1g4 49. Kd3 Rh4 50. Qd7 Rhh5 51. Qf7 Rh3+ 52. Kd4 Rh4+ 53. Kc5 Rhh5 54. Kd5 Rh4 55. Qd7 {[%emt 0:01:15] Inhibits Ra4.} Rh3 {[%emt 0:00:34] aiming for ...Rd3+.} 56. Ke6 Rg6+ 57. Ke5 Re3+ 58. Kd4 Ree6 59. Kd5 {[%emt 0:00:20] Prevents Rd6+.} Ref6 60. Ke5 Rg5 61. h4 Rg1 62. Qd3 ({And not} 62. Rxf5 Re1+ 63. Kf4 Rf1+ 64. Kg4 R6xf5 65. Qxf5+ Rxf5 66. Kxf5 g6+ 67. Ke5 Kg7 $11) 62... Re1+ 63. Kf4 {[%emt 0:00:21] Kf3 is the strong threat.} Rg1 (63... Rh1 {was necessary.} 64. Ke3 Kh8) 64. Kf3 Rg4 65. Rh2 Re4 66. Qd7 {[%emt 0:00:31] Inhibits Rc6.} Rg4 67. Rh1 Re4 68. Rg1 Rg4 69. Rh1 Re4 $1 70. Qd5 Ree6 71. Rc1 {[%emt 0:01:26] Hoping for Rc8.} Rd6 72. Qb5 Rb6 73. Qd5 Rbd6 $1 74. Qe5 Rde6 75. Qb8 {[%emt 0:00:31] Strongly threatening Rc8.} Rb6 76. Qf4 Rb3+ 77. Kf2 Rb2+ 78. Kf1 Rbb6 79. Re1 Ra6 80. h5 Ra7 81. Qb8 Ra4 (81... Rfa6 $18 82. Qf8 Ra5) 82. Re8 {[%emt 0:00:27][%csl Gb8][%cal Re8h8] White mates.} Ra1+ 83. Ke2 Ra2+ 84. Kd3 Ra3+ 85. Kc2 Rc6+ 86. Kb2 {[%emt 0:00:05] Weighted Error Value: White=0.19 (very precise) /Black=0.22 (precise)} 1-0

[Event "VII Totalizator Sportowy 2022"]
[Site "Bydgoszcz"]
[Date "2022.07.01"]
[Round "7.15"]
[White "Dubnevych, Maksym"]
[Black "Kacprzak, Kacper"]
[Result "0-1"]
[ECO "B12"]
[WhiteElo "2048"]
[BlackElo "2238"]
[Annotator "TA"]
[PlyCount "110"]
[EventDate "2022.06.25"]
[EventType "swiss"]
[EventCountry "POL"]
[SourceTitle "playchess.com"]
[Source "ChessBase"]
[SourceQuality "1"]
[TimeControl "40/5400+30:1800+30"]

1. e4 c6 2. d4 d5 3. e5 Bf5 4. Nf3 e6 5. Be2 Nd7 6. O-O Ne7 7. Nbd2 h6 {[%emt 0:00:19] B12: Caro-Kann: Advance Variation.} 8. Nb3 Qc7 9. Bd2 g5 {[%emt 0:02:28] The position is equal.} 10. Rc1 Bh7 11. a4 Ng6 12. a5 {[%emt 0:05:17] [#]} Bg7 $146 ({Predecessor:} 12... Be7 13. c4 dxc4 14. Bxc4 a6 15. Ne1 Nf4 16. Qf3 Nf8 17. Kh1 Rd8 18. Bxf4 gxf4 {1-0 (34) Haslinger,S (2506)-Hort,V (2478) Hoogeveen 2008}) 13. Bd3 O-O (13... b6 $14) 14. c4 $16 dxc4 15. Bxc4 (15. Rxc4 $16 g4 16. Ne1) 15... a6 (15... b6 $14) 16. h3 Rfe8 17. Nh2 (17. Bd3 $16) 17... Rac8 18. Qh5 {[%emt 0:09:21] [#] And now Ng4 would win.} Ne7 19. h4 (19. Ng4 Nf5 20. Ne3 c5 $11) (19. f4 $5 ) 19... Bg6 20. Qg4 (20. Qf3 $14) 20... gxh4 (20... h5 $1 $15 {stays ahead.} 21. Qe2 (21. Qxg5 Nf5 $15) 21... g4) 21. Qxh4 (21. Rfe1 $16) 21... c5 $11 22. Qh3 Nf5 (22... cxd4 $2 {[#]} 23. Bxe6 $1 fxe6 24. Rxc7 Rxc7 25. Nxd4 $18) 23. g4 Nxd4 24. Nxd4 cxd4 25. Bxe6 Qd8 26. Rxc8 Qxc8 27. Bxd7 Qxd7 28. f4 {[%emt 0:00:13] f5 is the strong threat.} Be4 29. Re1 Qc6 30. Nf1 Qc2 31. Qh2 (31. Qg3 $11) 31... Bf3 ({Black should try} 31... Bc6 $15 32. Qg3 Bb5) 32. Qg3 Be4 33. Qf2 Qd3 34. Rc1 {[%emt 0:07:36] Against Rc8} (34. Qg3 $11 {remains equal.}) 34... Bc6 $17 {[%emt 0:02:46] Strongly threatening ...f6. Black is more active. Black converts the advantage convincingly.} 35. Ng3 Bf3 36. Nf5 Bxg4 37. Nxd4 f6 38. Rc3 (38. e6 $17) 38... Qb1+ $19 39. Kh2 (39. Rc1 $142 Qxb2 40. f5) 39... fxe5 40. Rg3 h5 ({Stronger than} 40... exd4 41. Rxg4 Kh7 42. Rxg7+ Kxg7 43. Qxd4+ Kg6 44. Qd6+ Kh5 45. Qd5+ Kg6 46. Qd6+ (46. Qg2+ $2 Kf6 $19) 46... Kh5 47. Qd5+ Kh4 48. Qf3 $17) 41. fxe5 (41. Qe3) 41... Bxe5 {[%emt 0:05:08] aiming for ...h4. This bishop pair is nice. Black is clearly winning.} 42. Bf4 Rf8 43. Ne6 Bxf4 44. Nxf4 Qf5 {[%emt 0:03:05] Threatens to win with ...h4.} 45. Rb3 Qxf4+ 46. Qxf4 Rxf4 47. Rxb7 {[%emt 0:00:01][%mdl 4096] Endgame KRB-KR} Be2 48. Kg3 Rg4+ 49. Kf2 Bb5 50. Ke3 Rb4 51. b3 Rxb3+ 52. Kf4 Ra3 53. Kg5 Rxa5 {[%emt 0:00:17] ( -> ...Bc6+)} 54. Kf6 Ra1 55. Rb8+ Kh7 {[%emt 0:00:05] Weighted Error Value: White=0.68/Black=0.41} 0-1

[Event "VII Totalizator Sportowy 2022"]
[Site "Bydgoszcz"]
[Date "2022.07.01"]
[Round "7.16"]
[White "Perkampus, Laurin"]
[Black "Ulasevich, Sergei"]
[Result "0-1"]
[ECO "E32"]
[WhiteElo "2061"]
[BlackElo "2217"]
[Annotator "RC"]
[PlyCount "120"]
[EventDate "2022.06.25"]
[EventType "swiss"]
[EventCountry "POL"]
[SourceTitle "playchess.com"]
[Source "ChessBase"]
[SourceQuality "1"]
[TimeControl "40/5400+30:1800+30"]

1. d4 Nf6 2. c4 e6 3. Nc3 Bb4 4. Qc2 O-O 5. e4 d5 6. e5 Ne4 7. Bd3 c5 8. Nge2 cxd4 9. Nxd4 Nd7 10. Bf4 Qh4 11. g3 Qh5 12. O-O g5 13. cxd5 gxf4 14. dxe6 Nxe5 15. Nxe4 fxe6 16. gxf4 Qg4+ 17. Kh1 Qxf4 18. Rg1+ Kh8 19. Rg3 Bd7 20. Rag1 Ba5 21. Ne2 Qf5 22. Nd4 Qf4 23. Ne2 Qf7 24. b4 Bd8 25. Qc3 Bf6 26. Nxf6 Qxf6 27. Be4 Rac8 28. Qb2 b6 29. f3 Ng4 30. Qxf6+ Nxf6 31. Rc1 Nxe4 32. fxe4 Rxc1+ 33. Nxc1 Bc6 34. Kg1 Bxe4 35. Re3 Bd5 36. a4 Kg7 37. Nd3 Rf5 38. b5 Kf6 39. Nb4 h5 40. Nxd5+ exd5 41. Rc3 Rf4 42. Rc6+ Ke5 43. a5 bxa5 44. Ra6 Rf7 45. Rxa5 Ke4 46. Ra6 d4 47. b6 axb6 48. Rxb6 d3 49. Re6+ Kd4 50. Rd6+ Kc3 51. Kg2 Rf4 52. Kg3 Rd4 53. Rc6+ Kb3 54. Rb6+ Kc4 55. Rc6+ Kd5 56. Rc1 d2 57. Rd1 Kc4 58. Kf3 Kc3 59. Ke2 Kc2 60. Ra1 d1=Q+ 0-1

[Event "VII Totalizator Sportowy 2022"]
[Site "Bydgoszcz"]
[Date "2022.07.01"]
[Round "7.17"]
[White "Laux, Dominik"]
[Black "Syrkiewicz, Michal"]
[Result "1-0"]
[ECO "B43"]
[WhiteElo "2263"]
[BlackElo "2000"]
[Annotator "NA RC"]
[PlyCount "47"]
[EventDate "2022.06.25"]
[EventType "swiss"]
[EventCountry "POL"]
[SourceTitle "playchess.com"]
[Source "ChessBase"]
[SourceQuality "1"]
[TimeControl "40/5400+30:1800+30"]

1. e4 c5 2. Nf3 e6 3. d4 cxd4 4. Nxd4 a6 5. Nc3 b5 6. Bd3 Qb6 7. Nf3 d6 8. a4 b4 9. a5 Qc7 10. Na4 Nd7 11. Be3 Bb7 12. Nb6 Nxb6 13. axb6 Qd7 14. Qe2 Qc8 15. O-O Nf6 $18 16. c3 b3 17. Ra4 d5 18. e5 Nd7 19. Rfa1 Bc5 20. Bxa6 Ke7 21. Bxb7 Rxa4 22. Rxa4 Qxb7 23. Bxc5+ Nxc5 24. Ra7 1-0

[Event "VII Totalizator Sportowy 2022"]
[Site "Bydgoszcz"]
[Date "2022.07.01"]
[Round "7.18"]
[White "Dzhuguryan, Tygran"]
[Black "Rog, Bartlomiej"]
[Result "0-1"]
[ECO "D10"]
[WhiteElo "2203"]
[BlackElo "2055"]
[Annotator "RC"]
[PlyCount "94"]
[EventDate "2022.06.25"]
[EventType "swiss"]
[EventCountry "POL"]
[SourceTitle "playchess.com"]
[Source "ChessBase"]
[SourceQuality "1"]
[TimeControl "40/5400+30:1800+30"]

1. Nf3 d5 2. d4 Nf6 3. c4 c6 4. cxd5 cxd5 5. Nc3 Nc6 6. Bf4 a6 7. e3 Nh5 8. Be5 f6 9. Bg3 Nxg3 10. hxg3 Bg4 11. Bd3 e6 12. Bg6+ Kd7 13. a3 Bxa3 14. Rxa3 hxg6 15. Rxh8 Qxh8 16. Kd2 b5 17. Ne2 Qf8 18. Rc3 Na5 19. Qa1 Qb4 20. Kd1 Rh8 21. Nfg1 Bxe2+ 22. Kxe2 Rh1 23. Kf1 Nc4 24. Qc1 Qa5 25. b3 b4 26. Rc2 Na3 27. Rc5 Nb5 28. Rc2 Nc3 29. f3 Qb5+ 30. Kf2 Qd3 31. Rd2 Rxg1 32. Kxg1 Qxe3+ 33. Kf1 Ne2 34. Qe1 Nxg3+ 35. Qxg3 Qxd2 36. Qb8 Qd1+ 37. Kf2 Qxd4+ 38. Kf1 Qd1+ 39. Kf2 Qxb3 40. Qb7+ Kd6 41. Qxa6+ Kc5 42. Qc8+ Kd4 43. Qxe6 Qc2+ 44. Ke1 b3 45. Qb6+ Kd3 46. Qa6+ Qc4 47. Qa3 Kc2 0-1

[Event "VII Totalizator Sportowy 2022"]
[Site "Bydgoszcz"]
[Date "2022.07.01"]
[Round "7.19"]
[White "Zalega, Maciej"]
[Black "Kacprzak, Karol"]
[Result "0-1"]
[ECO "B48"]
[WhiteElo "2051"]
[BlackElo "2200"]
[Annotator "NA RC"]
[PlyCount "72"]
[EventDate "2022.06.25"]
[EventType "swiss"]
[EventCountry "POL"]
[SourceTitle "playchess.com"]
[Source "ChessBase"]
[SourceQuality "1"]
[TimeControl "40/5400+30:1800+30"]

1. e4 c5 2. Nf3 e6 3. d4 cxd4 4. Nxd4 Nc6 5. Nc3 Qc7 6. Be3 a6 7. Qf3 Ne5 8. Qg3 h5 9. Bf4 d6 10. Nb3 h4 11. Qe3 Nf6 12. h3 b5 13. Bd3 Bb7 14. a3 Rc8 15. O-O Be7 16. Rad1 Ba8 17. Bg5 Rb8 18. Nd2 Qc5 19. Qe2 Nh5 20. Be3 Qc7 21. Nf3 g6 22. Nxe5 dxe5 23. Qg4 Nf6 24. Qe2 O-O 25. f4 Bc5 26. Kh1 Nh5 27. Rf3 Bxe3 28. Qxe3 exf4 29. Qe1 Ng3+ 30. Kh2 e5 31. b3 Rbc8 32. Nd5 Bxd5 33. exd5 Qd6 34. a4 e4 35. Bxe4 Rfe8 36. Rd4 f5 0-1

[Event "VII Totalizator Sportowy 2022"]
[Site "Bydgoszcz"]
[Date "2022.07.01"]
[Round "7.20"]
[White "Lambrecht, Tomasz"]
[Black "Ratajczak, Hubert"]
[Result "1-0"]
[ECO "E62"]
[WhiteElo "1956"]
[BlackElo "1899"]
[Annotator "NA RC"]
[PlyCount "153"]
[EventDate "2022.06.25"]
[EventType "swiss"]
[EventCountry "POL"]
[SourceTitle "playchess.com"]
[Source "ChessBase"]
[SourceQuality "1"]
[TimeControl "40/5400+30:1800+30"]

1. d4 Nf6 2. Nf3 g6 3. g3 Bg7 4. Bg2 O-O 5. O-O d6 6. c4 Bg4 7. Nc3 Nc6 8. d5 Na5 9. b3 c5 10. Bd2 a6 11. h3 Bd7 12. e4 b5 13. e5 Ne8 14. Qe1 bxc4 15. Nd1 Nxb3 16. axb3 cxb3 17. Qe3 c4 18. Nb2 Bb5 19. Rfc1 Rc8 20. Bc3 Nc7 21. Nd2 dxe5 22. Ndxc4 Nxd5 23. Bxd5 Qxd5 24. Nb6 Qe6 25. Nxc8 Rxc8 26. Bd2 Bc6 27. Rxa6 Qd5 28. Rcxc6 Rxc6 29. Rxc6 Qxc6 30. Qxb3 h5 31. Nc4 Qd5 32. Bb4 Bf6 33. Nd2 Qd4 34. Nf1 e4 35. Qa3 Qe5 36. Bd2 Kg7 37. Qe3 g5 38. Bc1 Qa1 39. Kg2 Qb1 40. Bd2 Qc2 41. Bb4 Qd3 42. Nd2 Qxe3 43. fxe3 e6 44. Nxe4 Bd8 45. g4 hxg4 46. hxg4 f5 47. Nc5 Kf7 48. Kf3 Bc7 49. e4 f4 50. Nd3 e5 51. Ke2 Ke6 52. Ne1 Bd8 53. Nf3 Bf6 54. Kd3 Kf7 55. Kc4 Ke6 56. Kb5 Bd8 57. Kc6 Bf6 58. Bc3 Bg7 59. Nxg5+ Kf6 60. Nf3 Ke6 61. g5 Bh8 62. Kc5 Bg7 63. Kc4 Bf8 64. Bxe5 Kf7 65. Bxf4 Kg6 66. Kd5 Kf7 67. Nh4 Be7 68. Ke5 Bd8 69. Kf5 Kg7 70. Be5+ Kf7 71. g6+ Kg8 72. Nf3 Be7 73. Ng5 Bd8 74. Nf7 Bh4 75. Nh6+ Kf8 76. g7+ Ke7 77. g8=Q 1-0

[Event "VII Totalizator Sportowy 2022"]
[Site "Bydgoszcz"]
[Date "2022.07.01"]
[Round "7.21"]
[White "Paprocki, Jaroslaw"]
[Black "Kolodziejski, Piotr"]
[Result "1-0"]
[ECO "A16"]
[WhiteElo "2165"]
[BlackElo "2107"]
[Annotator "RC"]
[PlyCount "87"]
[EventDate "2022.06.25"]
[EventType "swiss"]
[EventCountry "POL"]
[SourceTitle "playchess.com"]
[Source "ChessBase"]
[SourceQuality "1"]
[TimeControl "40/5400+30:1800+30"]

1. c4 Nf6 2. Nc3 e5 3. e3 Bb4 4. Nge2 c6 5. d4 exd4 6. Qxd4 d6 7. a3 Ba5 8. g3 O-O 9. Bg2 Na6 10. Qd1 Bb6 11. O-O Bf5 12. b4 Qd7 13. Nf4 Rfe8 14. Bb2 Rad8 15. Na4 Qe7 16. Nxb6 axb6 17. Bd4 Nd7 18. e4 Be6 19. Rc1 Nc7 20. Re1 c5 21. Bb2 Ne5 22. Nxe6 Qxe6 23. Qe2 Nd7 24. Qc2 b5 25. Qc3 Qh6 26. Rcd1 bxc4 27. Qxc4 Nb6 28. Qc2 Ne6 29. e5 dxe5 30. bxc5 Nd7 31. c6 bxc6 32. Qxc6 Ndc5 33. Bxe5 Rc8 34. Qb5 Red8 35. Bd6 Qh5 36. Rd5 g5 37. Bxc5 Rxd5 38. Bxd5 Rxc5 39. Qb8+ Nf8 40. Qd6 Ra5 41. Re5 Kg7 42. Rf5 Qd1+ 43. Kg2 Ne6 44. Rxf7+ 1-0